 Dungeon Crawl Stone Soup version 0.29-a0-275-g389c0b56f3 (webtiles) character file.

Game seed: 4857224750612965063

337 tatocazan the Skirmisher (level 6, 0/48 HPs)
             Began as a Demonspawn Fighter on Mar 9, 2022.
             Slain by Grinder (3 damage)
             ... on level 4 of the Dungeon.
             The game lasted 00:04:21 (3957 turns).

tatocazan the Skirmisher (Demonspawn Fighter)       Turns: 3957, Time: 00:04:21

Health: 0/48       AC:  9    Str: 21    XL:     6   Next: 28%
Magic:  6/6        EV:  9    Int:  9    God:
Gold:   205        SH:  4    Dex: 12    Spells: 5/5 levels left

rFire   + . .      SeeInvis .   g - +2 hand axe (vorpal)
rCold   . . .      Faith    .   c - +0 buckler
rNeg    . . .      Spirit   .   s - +2 scale mail {rF+}
rPois   .          Reflect  .   (helmet restricted)
rElec   .          Harm     .   (no cloak)
rCorr   .          Rampage  .   (no gloves)
Will    .....                   (no boots)
Stlth   ..........              (no amulet)
HPRegen 0.16/turn               (no ring)
MPRegen 0.10/turn               (no ring)

@: brilliant, attractive
A: antennae 1, powered by death 1, weakness stinger 1, demonic touch 2, talons
1, strong 1
a: no special abilities


You were on level 4 of the Dungeon.
You visited 2 branches of the dungeon, and saw 5 of its levels.

You collected 205 gold pieces.

Inventory:

Hand Weapons
 a - a +0 war axe
 g - a +2 vorpal hand axe (weapon)
Armour
 b - a +0 scale mail
 c - a +0 buckler (worn)
 s - a +2 scale mail of fire resistance (worn)
Scrolls
 f - 3 scrolls of identify {unknown}
 i - 3 scrolls of magic mapping {unknown}
 k - a scroll of brand weapon {unknown}
 m - 2 scrolls of teleportation
 o - a scroll of acquirement {unknown}
 p - a scroll of immolation {unknown}
 q - 3 scrolls of torment {unknown}
 r - a scroll of enchant weapon {unknown}
Potions
 d - a potion of might
 e - 2 potions of mutation
 h - 3 potions of curing
 j - a potion of brilliance
 l - 3 potions of attraction
 n - a potion of flight {unknown}


   Skills:
 + Level 4.1 Fighting
 * Level 4.0 Axes
 + Level 3.7 Armour
 + Level 3.7 Shields


You had 5 spell levels left.
You didn't know any spells.
Your spell library contained the following spells:

 Spells                   Type           Power      Damage    Failure   Level
 Pain                     Necr           0%         1d4       82%         1
 Agony                    Necr           0%         N/A       100%        5
 Excruciating Wounds      Necr           0%         N/A       100%        5


Dungeon Overview and Level Annotations

Branches:
Dungeon (4/15)             Temple (1/1) D:4

Altars:
Ashenzari
Dithmenos
Elyvilon
Fedhas
Kikubaaqudgha
Makhleb
Ru
Sif Muna
Trog
Vehumet
Xom
The Shining One

Annotations:
D:4 Grinder, Pikel


Innate Abilities, Weirdness & Mutations

You have a pair of small antennae on your head.
You regenerate a little health from kills.
You have a small tail.
Your touch may inflict irresistible damage on your foes.
You have sharp toenails.
Your muscles are strong. (Str +2)


Message History

You are too injured to fight recklessly!
You are too injured to fight recklessly!
You barely miss Grinder.
Your tail-slap misses Grinder.
Grinder is lightly wounded.
Grinder barely misses you.
You barely miss Grinder.
Your tail-slap misses Grinder.
Grinder is lightly wounded.
Grinder hits you.
You writhe in agony.
Grinder hits you.
You writhe in agony.
* * * LOW HITPOINT WARNING * * *
You take 14 damage, and have 11/48 hp.
MASSIVE DAMAGE!!
You hit Grinder.
Grinder is lightly wounded.
You block Grinder's attack.
You closely miss Grinder.
Grinder is lightly wounded.
Grinder barely misses you.
You hit Grinder.
Grinder is moderately wounded.
Grinder gestures at you.
You suddenly lose the ability to move!
Grinder gestures at you. Pain shoots through your body!
* * * LOW HITPOINT WARNING * * *
Grinder hits you but does no damage. Grinder hits you!
* * * LOW HITPOINT WARNING * * *
Grinder blinks!
You can move again.
You take 9 damage, and have 3/48 hp.
Grinder blinks!
Unknown command.
It was a potion of mutation.
You feel extremely strange.
You feel stronger.
Your toenails lengthen and sharpen.
It was a potion of attraction.
You feel attractive to monsters. Grinder is attracted toward you.
It was a potion of brilliance.
You feel clever all of a sudden. Grinder hits you.
You die...

. .. .##. .. ..... ...
...... ### ..# ......
.. # ≈.. ...... #.##..
≈.. .....§# ..... ≈#.
......5##.$# ≈≈≈ ...
#.@...# ≈≈≈ ....
#.....### ≈≈.
.....##....#.## ≈#≈
##..........# ≈≈#
#..##.####..# ≈≈.
##.......##.>#######
w..
#......>............
≈..
......#......)[######.#
.>.
...#.###.....[[)......#


You could see Grinder.

Vanquished Creatures
  A hound (D:4)
  An orc priest (D:4)
  Jessica (D:3)
  Terence (D:2)
  An orc wizard (D:4)
  Robin (D:3)
  6 adders
  4 worms (D:2)
  8 dart slugs
  4 orcs
  15 ball pythons
  5 bats
  9 endoplasms
  3 giant cockroaches
  17 goblins
  11 hobgoblins
  2 quokkas (D:1)
  5 frilled lizards
  5 kobolds
  5 rats
105 creatures vanquished.

Notes
Turn   | Place    | Note
-------+----------+-------------------------------------------
     0 | D:1      | tatocazan the Demonspawn Fighter began the quest for the
                  | Orb.
     0 | D:1      | Reached XP level 1. HP: 18/18 MP: 1/1
   139 | D:1      | Gained mutation: You regenerate a little health from kills.
                  | [demonic ancestry]
   139 | D:1      | Reached XP level 2. HP: 24/24 MP: 2/2
   464 | D:1      | Found a faded altar of an unknown god.
   601 | D:1      | Discovered your monstrous ancestry.
   601 | D:1      | Gained mutation: Your touch may inflict minor irresistible
                  | damage on your foes. [demonic ancestry]
   601 | D:1      | Reached XP level 3. HP: 29/29 MP: 3/3
  1067 | D:2      | Noticed Terence
  1077 | D:2      | Killed Terence
  1078 | D:2      | Gained mutation: Your touch may inflict irresistible damage
                  | on your foes. [demonic ancestry]
  1078 | D:2      | Reached XP level 4. HP: 21/35 MP: 4/4
  2346 | D:3      | Noticed Robin
  2350 | D:3      | Gained mutation: You have a pair of small antennae on your
                  | head. [demonic ancestry]
  2350 | D:3      | Reached XP level 5. HP: 39/42 MP: 5/5
  2358 | D:3      | Killed Robin
  2467 | D:3      | Noticed Jessica
  2472 | D:3      | Killed Jessica
  2933 | D:4      | Noticed a lemure
  3215 | D:4      | Gained mutation: You have a small tail. [demonic ancestry]
  3215 | D:4      | Reached XP level 6. HP: 37/48 MP: 6/6
  3426 | D:4      | Noticed Pikel
  3430 | D:4      | Found a broken altar of Ashenzari.
  3430 | D:4      | Found a staircase to the Ecumenical Temple.
  3664 | Temple   | Entered the Ecumenical Temple
  3935 | D:4      | Noticed Grinder
  3948 | D:4      | Paralysed by Grinder for 5 turns
  3951 | D:4      | HP: 2/48 [Grinder (9)]
  3955 | D:4      | Gained mutation: Your muscles are strong. (Str +2) [potion
                  | of mutation]
  3955 | D:4      | Gained mutation: You have sharp toenails. [potion of
                  | mutation]
  3957 | D:4      | Slain by Grinder

Illustrated notes

Levels and vault maps discovered:
D:1:      eino_arrival_druids_welcome, layout_basic,
          shapermc_ecumenical_altar_starsandcircs
D:2:      layout_loops_ring, kennysheep_doodads, minmay_snake_closets,
          uniq_terence
D:3:      layout_rooms, serial_rivers, chequers_serial_rivers_micro_a,
          chequers_serial_rivers_large_a, chequers_serial_rivers_marsh,
          chequers_serial_rivers_room_b, chequers_serial_rivers_marsh,
          chequers_serial_rivers_small_3, uniq_jessica, uniq_robin
D:4:      kennysheep_slugbush, layout_cave_pools, cheibrodos_ashenzari_chains,
          minmay_temple_entry_proselytizer, minmay_puff,
          uniq_crazy_yiuf_cottage, uniq_pikel, uniq_grinder
Temple:   minmay_temple_curvy_loop

Skill      XL: |  1  2  3  4  5  6 |
---------------+-------------------+-----
Axes           | 2 3 4 |  4.0
Armour         | 3 |  3.7
Shields        | 3 |  3.7
Fighting       | 4 |  4.1

Action                   |  1- 3 |  4- 6 || total
-------------------------+-------+-------++-------
Melee: Hand axe          |    69 |   158 ||   227
       War axe           |     2 |       ||     2
       Tailslap          |       |     5 ||     5
  Use: Potion            |       |     5 ||     5
       Scroll            |       |     1 ||     1
Armor: Scale mail        |    37 |    70 ||   107
Dodge: Dodged            |    26 |    75 ||   101
Block: Buckler           |    12 |    37 ||    49

Table legend: (Time is in decaauts)
 A = Elapsed time spent in this place.
 B = Non-inter-level travel time spent in this place.
 C = Inter-level travel time spent in this place.
 D = Time resting spent in this place.
 E = Time spent auto-exploring this place.
 F = Levels seen in this place.
 G = Mean time per level.
                   A        B        C        D        E       F      G
               +--------+--------+--------+--------+--------+-----+--------+
         Total |   4020 |   3884 |    136 |    818 |   2432 |   5 |  804.0 |
       Dungeon |   3800 |   3687 |    113 |    818 |   2244 |   4 |  950.0 |
        Temple |    219 |    196 |     23 |      0 |    188 |   1 |  219.0 |
               +--------+--------+--------+--------+--------+-----+--------+

Top non-repeatable levels by time:
     D:2: 1413 daAuts
     D:3: 1018 daAuts
     D:1: 956 daAuts
     D:4: 412 daAuts
  Temple: 219 daAuts
